 Dungeon Crawl Stone Soup version 0.27.1-2-g3b301248ec (webtiles) character file.

Game seed: 563766039213430750

21482 LLlMATKO the Fighter (level 12, -21/169 HPs)
             Began as a Minotaur Berserker on Oct 3, 2021.
             Was a High Priest of Trog.
             Killed from afar by a tengu reaver (45 damage)
             ... with a bolt of fire
             ... on level 12 of the Dungeon.
             The game lasted 00:21:39 (14546 turns).

LLlMATKO the Fighter (Minotaur Berserker)          Turns: 14546, Time: 00:21:39

Health: -21/169    AC: 20    Str: 28    XL:     12   Next: 54%
Magic:  11/11      EV: 14    Int:  4    God:    Trog [*****.]
Gold:   830        SH:  0    Dex: 19    Spells: 11/11 levels left

rFire    . . .     SeeInvis .   S - +3 great mace (vorpal)
rCold    . . .     Faith    .   (shield currently unavailable)
rNeg     . . .     Spirit   .   Q - +2 plate armour {Will+}
rPois    +         Reflect  .   r - -1 hat "Kesakusch" {Dex+4}
rElec    .         Harm     .   v - +0 cloak
rCorr    .         Rampage  .   (no gloves)
Will     +....                  t - +1 pair of boots
Stlth    ..........             y - amulet of the acrobat
HPRegen  0.38/turn              c - +6 ring of strength
MPRegen  0.12/turn              i - ring of poison resistance

@: berserking, very quick
A: horns 2, retaliatory headbutt
a: Renounce Religion, Berserk, Trog's Hand, Brothers in Arms


You were on level 12 of the Dungeon.
You worshipped Trog.
Trog was extremely pleased with you.
You visited 1 branch of the dungeon, and saw 13 of its levels.
You also visited: Gauntlet.

You collected 830 gold pieces.

Inventory:

Hand Weapons
 b - a +2 flail of protection
 x - the +4 hand axe "Killer Bee's Doom" {flame, rF++ Str+5 Dex-5}
   (You found it on level 5 of the Dungeon)

   It burns those it strikes, dealing additional fire damage.
   Big, fiery blades are also staple armaments of hydra-hunters.
   Str:       It affects your strength (+5).
   Dex:       It affects your dexterity (-5).
   rF:        It greatly protects you from fire.
 K - a +0 arbalest
 M - a +1 mace of freezing
 S - a +3 vorpal great mace (weapon)
Missiles
 g - 116 bolts
 j - 23 boomerangs (quivered)
 q - 106 poisoned darts
 F - 3 throwing nets
 H - 5 datura-tipped darts
 U - 8 silver javelins
 X - 2 javelins
Armour
 r - the -1 hat "Kesakusch" (worn) {Dex+4}
   (You found it on level 5 of the Dungeon)

   Dex:       It affects your dexterity (+4).
 t - a +1 pair of boots (worn)
 v - a +0 cloak (worn)
 B - a +0 crystal plate armour
 L - the +4 skin of Zhor {*Englaciate rC+++ SInv}
   (You found it on level 8 of the Dungeon)

   It radiates cold, occasionally slowing all nearby creatures who are not
   resistant to cold.
   rC:        It renders you almost immune to cold.
   SInv:      It lets you see invisible.
 Q - a +2 plate armour of willpower (worn)
 W - a +0 buckler
Jewellery
 c - a +6 ring of strength (left hand)
 i - a ring of poison resistance (right hand)
 l - a ring of protection from fire
 y - an amulet of the acrobat (around neck)
 N - a +4 ring of slaying
 T - the ring of Sidofuud {rElec MP+9 Dex-4 SInv}
   (You took it off a minotaur in a Gauntlet)

   [ring of magical power]

   Dex:       It affects your dexterity (-4).
   rElec:     It insulates you from electricity.
   MP:        It affects your magic capacity (+9).
   SInv:      It lets you see invisible.
Wands
 a - a wand of flame (54)
 w - a wand of digging (14)
 G - a wand of iceblast (5)
 O - a wand of paralysis (11)
Scrolls
 e - a scroll of enchant armour
 k - 4 scrolls of fog
 m - 5 scrolls of identify
 n - 2 scrolls of summoning
 z - 2 scrolls of teleportation
 A - a scroll of magic mapping
 E - a scroll of torment {unknown}
 P - a scroll of brand weapon {unknown}
 R - a scroll of fear
 Y - a scroll of enchant weapon
Potions
 d - 8 potions of curing
 f - 2 potions of lignification {unknown}
 h - 6 potions of heal wounds
 o - 2 potions of degeneration {unknown}
 p - a potion of magic {unknown}
 s - 2 potions of haste {unknown}
 u - a potion of brilliance {unknown}
 C - a potion of flight {unknown}
 D - a potion of cancellation {unknown}
 I - 3 potions of attraction {unknown}
 J - a potion of might {unknown}
 V - a potion of mutation {unknown}


   Skills:
 + Level 12.3 Fighting
 - Level 4.0(8.6) Axes
 + Level 11.6(11.9) Maces & Flails
 + Level 6.3 Crossbows
 + Level 12.1 Armour
 + Level 11.1 Dodging
 + Level 3.3 Shields


You had 11 spell levels left.
You didn't know any spells.
Your spell library was empty.

Dungeon Overview and Level Annotations

Branches:
Dungeon (13/15)            Temple (0/1) D:7            Lair (0/6) D:9
    Orc (0/2) D:9         Gauntlet (visited)
 Vaults: D:13-14

Altars:
Cheibriados
Sif Muna
Trog
Wu Jian

Shops:
D:1 [   D:5 (   D:9 ?*   D:13 :

Portals:
Trove: D:12 (give 4 potions of resistance)


Innate Abilities, Weirdness & Mutations

You have a pair of horns on your head.
You reflexively headbutt those who attack you in melee.


Message History

No target in view!
A tengu reaver comes into view. It is wielding a +1 vorpal battleaxe.
You close the door.
You start resting.
Something unseen opens the door.
A red film seems to cover your vision as you go berserk!
You feel yourself moving faster!
You feel mighty!
You closely miss the tengu reaver. Your headbutt misses the tengu reaver.
The tengu reaver hits you with a +1 vorpal battleaxe!
The tengu reaver pecks you. The tengu reaver closely misses you.
You are too injured to fight recklessly!
You are too injured to fight recklessly!
You are too injured to fight recklessly!
You are too injured to fight recklessly!
You are too injured to fight recklessly!
You barely miss the tengu reaver. Your headbutt misses the tengu reaver.
The tengu reaver hits you with a +1 vorpal battleaxe!
The tengu reaver pecks you.
The tengu reaver claws you but does no damage.
You miss the tengu reaver. Your headbutt misses the tengu reaver.
The tengu reaver completely misses you. You furiously retaliate!
You headbutt the tengu reaver!
The tengu reaver pecks you but does no damage.
The tengu reaver claws you.
* * * LOW HITPOINT WARNING * * *
You miss the tengu reaver. Your headbutt misses the tengu reaver.
The tengu reaver is lightly wounded.
You miss the tengu reaver.
The tengu reaver is lightly wounded.
The tengu reaver gestures at you while chanting.
The bolt of acid misses you.
You bludgeon the tengu reaver!! You headbutt the tengu reaver!!
The tengu reaver is severely wounded.
The tengu reaver gestures at you while chanting.
The bolt of cold hits you!!
* * * LOW HITPOINT WARNING * * *
You closely miss the tengu reaver. You headbutt the tengu reaver!
The tengu reaver is almost dead.
The tengu reaver points at you and mumbles some strange words.
The bolt of fire hits you!!!
You die...

#.# #.....# ###.# #######'######
#.....#### #.... .#...........###
#.....#..# #.... .#...........'.#
##...##..###.... .#.........#####
###'###..#......
.'.........##...##........#.#....
##.........#.....#.......)#)#....
#.........#...).Q..8.....))###.#
#.........#....@#........#####.#
#######'####...##........# #..#
#...# #### ###Q###### ##.##
##'##### .# #..# #......#######
.# #.## #####......'.....#
######'### ...##......#######
#..##....[ ##..'......#
##.##..... ####......# ###
#..#.....


You could see a tengu reaver.

Vanquished Creatures
  A minotaur (Gauntlet)
  Harold (D:6)
  Erica (D:8)
  2 two-headed ogres
  An orc knight (D:11)
  A cyclops (D:13)
  An elephant (D:9)
  2 manticores
  Maurice (D:13)
  2 gargoyles (D:12)
  3 rime drakes (D:8)
  An unseen horror (D:13)
  4 kobold demonologists
  A freezing wraith (D:10)
  An efreet (D:12)
  A troll (D:10)
  A hornet (D:9)
  10 slime creatures
  Prince Ribbit (D:7)
  A yak (shapeshifter) (D:13)
  2 wyverns
  2 redbacks (D:13)
  6 yaks
  A spriggan (shapeshifter) (D:10)
  2 vampire mosquitoes (D:13)
  4 wargs (D:9)
  3 water moccasins
  Duvessa (D:5)
  3 sky beasts
  12 orc warriors
  An ice beast (D:8)
  3 ogres
  3 black bears
  8 centaurs
  2 phantoms
  3 kobold brigands
  3 scorpions
  Dowan (D:5)
  A gnoll sergeant (D:7)
  14 killer bees
  4 wights (D:9)
  3 centaur zombies
  3 hounds
  5 jellies
  9 orc priests
  A centaur skeleton (D:6)
  3 iguanas
  6 orc wizards
  A killer bee zombie (D:4)
  7 gnolls
  4 adders
  An ufetubus (D:6)
  3 worms
  4 dart slugs
  48 orcs
  8 endoplasms
  5 giant cockroaches
  5 goblins
  7 hobgoblins
  2 jackals (D:3)
  A quokka (D:4)
  13 ball pythons
  A bat (D:1)
  5 frilled lizards
  17 kobolds
  8 rats
286 creatures vanquished.

Vanquished Creatures (others)
  11 fungi (D:6)
  10 plants
21 creatures vanquished.

Grand Total: 307 creatures vanquished

Notes
Turn   | Place    | Note
-------+----------+-------------------------------------------
     0 | D:1      | LLlMATKO the Minotaur Berserker began the quest for the
                  | Orb.
     0 | D:1      | Reached XP level 1. HP: 19/19 MP: 0/0
   267 | D:1      | Found Jeba's Antique Armour Emporium.
   283 | D:1      | Reached XP level 2. HP: 17/27 MP: 1/1
  1207 | D:2      | Reached XP level 3. HP: 32/33 MP: 2/2
  1288 | D:2      | Reached ** piety under Trog
  1840 | D:2      | Found a faded altar of an unknown god.
  2026 | D:2      | Reached skill level 1 in Maces & Flails
  2369 | D:3      | Reached XP level 4. HP: 35/40 MP: 3/3
  3087 | D:3      | Noticed a phantom
  3100 | D:3      | Killed a phantom
  3101 | D:3      | Reached XP level 5. HP: 19/47 MP: 4/4
  3705 | D:4      | Reached skill level 5 in Fighting
  3705 | D:4      | Reached XP level 6. HP: 23/56 MP: 5/5
  4180 | D:4      | Reached *** piety under Trog
  4428 | D:5      | Entered Level 5 of the Dungeon
  4434 | D:5      | Noticed Duvessa
  4434 | D:5      | Noticed Dowan
  4445 | D:5      | Killed Duvessa
  4446 | D:5      | Reached skill level 5 in Armour
  4448 | D:5      | Killed Dowan
  4449 | D:5      | Reached XP level 7. HP: 27/62 MP: 6/6
  4733 | D:5      | Identified the -1 hat "Kesakusch" {Dex+4}
  4783 | D:5      | Found a snail-covered altar of Cheibriados.
  4799 | D:5      | Reached skill level 5 in Dodging
  4931 | D:5      | Found a shimmering blue altar of Sif Muna.
  5011 | D:5      | Found Maplefac's Weapon Boutique.
  5077 | D:5      | Reached skill level 5 in Maces & Flails
  5077 | D:5      | Reached XP level 8. HP: 71/71 MP: 7/7
  5260 | D:5      | Identified the +4 hand axe "Killer Bee's Doom" {flame, rF++
                  | Str+5 Dex-5}
  5719 | D:6      | Reached **** piety under Trog
  6233 | D:6      | Reached XP level 9. HP: 66/81 MP: 8/8
  6452 | D:7      | Killed a very large slime creature
  6923 | D:7      | Found a staircase to the Ecumenical Temple.
  6961 | D:7      | Noticed Prince Ribbit
  6982 | D:7      | Killed Prince Ribbit
  7317 | D:7      | Noticed Harold
  7386 | D:6      | Killed Harold
  7387 | D:6      | Reached XP level 10. HP: 91/91 MP: 9/9
  7790 | D:8      | Found the +4 skin of Zhor {*Englaciate rC+++ SInv}
  7895 | D:8      | Noticed Erica
  7908 | D:8      | Killed Erica
  7909 | D:8      | Reached skill level 10 in Fighting
  7948 | D:7      | Reached ***** piety under Trog
  8023 | D:8      | Reached skill level 10 in Armour
  8649 | D:8      | Reached skill level 1 in Crossbows
  8758 | D:9      | Reached XP level 11. HP: 77/101 MP: 10/10
  9187 | D:9      | Found a staircase to the Lair.
  9242 | D:9      | Reached skill level 10 in Maces & Flails
  9513 | D:9      | Found Byatarre's Changing Room.
  9724 | D:9      | Found Jeod's Magic Scroll Shop.
  9792 | D:9      | Found a staircase to the Orcish Mines.
 10140 | D:9      | Found Jeod's Magic Scroll Shop.
 10157 | D:9      | Found a staircase to the Orcish Mines.
 10192 | D:9      | Found a staircase to the Lair.
 10470 | D:9      | Found Byatarre's Changing Room.
 10734 | D:10     | Entered Level 10 of the Dungeon
 10881 | D:10     | Noticed a two-headed ogre
 10892 | D:10     | Killed a two-headed ogre
 10893 | D:10     | Reached skill level 10 in Dodging
 11246 | D:10     | Found a bloodstained altar of Trog.
 11260 | D:10     | Found an ornate altar of the Wu Jian Council.
 11711 | D:11     | Found a gate leading to a gauntlet.
 11718 | Gauntlet | Entered a Gauntlet
 11718 | Gauntlet | Found a transporter.
 11725 | Gauntlet | Found a runed translucent gate.
 11725 | Gauntlet | Found a runed translucent gate.
 11725 | Gauntlet | Found a runed translucent gate.
 11727 | Gauntlet | Found a transporter.
 11730 | Gauntlet | Found a transporter.
 11731 | Gauntlet | Found a transporter.
 11739 | Gauntlet | Found a transporter.
 11742 | Gauntlet | Found a transporter.
 11743 | Gauntlet | Found a transporter.
 11751 | Gauntlet | Found a transporter.
 11754 | Gauntlet | Found a transporter.
 11755 | Gauntlet | Found a transporter.
 11763 | Gauntlet | Found a transporter.
 11766 | Gauntlet | Found a transporter.
 11767 | Gauntlet | Found a transporter.
 11778 | Gauntlet | Found a transporter.
 11825 | Gauntlet | Noticed an oklob plant
 11883 | Gauntlet | Received a gift from Trog
 12035 | Gauntlet | Identified the ring of Sidofuud {rElec MP+9 Dex-4 SInv}
 12035 | Gauntlet | Noticed a minotaur
 12046 | Gauntlet | Killed a minotaur
 12182 | D:11     | You fall into a shaft and drop 2 floors!
 12259 | D:13     | Reached skill level 5 in Crossbows
 12264 | D:13     | Reached XP level 12. HP: 95/112 MP: 11/11
 12652 | D:13     | Found Reonuyto's Book Shoppe.
 12699 | D:13     | Noticed Maurice
 12707 | D:13     | Killed Maurice
 12708 | D:13     | Reached skill level 1 in Shields
 12907 | D:12     | Found a portal to a secret trove of treasure.
 13176 | D:11     | Noticed a two-headed ogre
 13183 | D:11     | Killed a two-headed ogre
 14535 | D:12     | Noticed a tengu reaver
 14546 | D:12     | Killed from afar by a tengu reaver

Illustrated notes

Levels and vault maps discovered:
D:1:      evilmike_arrival_plus, layout_basic, serial_shops, shop
D:2:      layout_basic, dreamdust_ecumenical_altar_hidden_monk_grotto,
          chequers_big_river
D:3:      layout_basic
D:4:      layout_rooms
D:5:      layout_loops_ring, nicolae_overflow_crystal_walls,
          nicolae_sif_muna_condensation, serial_shops, nicolae_shop_waterfront,
          uniq_duvessa
D:6:      layout_basic, serial_aquarium, aquarium_bridge_straight
          [aquarium_subvault_bridge, aquarium_subvault_window,
          aquarium_subvault_bridge, aquarium_subvault_balcony],
          aquarium_window_corner, aquarium_window_1, aquarium_window_corner,
          aquarium_window_2, aquarium_view_2d, aquarium_balcony_3b,
          aquarium_pool_1
D:7:      layout_loops_ring, minmay_temple_entry_poolview, uniq_harold,
          uniq_prince_ribbit1
D:8:      layout_cave_pools, hellmonk_guarded_unrand_zhor, uniq_erica
D:9:      layout_long_grid, david_lair_generic, minmay_orc_entry_guard_dogs,
          serial_shops, nicolae_shop_temple_entry_statues_fountains,
          nicolae_transmutations_shop
D:10:     layout_basic, chequers_temple_overflow_statue_of_worship, minivault_20
D:11:     layout_basic, special_room [special_room_orc], gauntlet_entry_generic,
          chequers_serial_rivers_room_a, small_statue_alley_a,
          chequers_serial_rivers_marsh, grunt_ogre_cave
D:12:     layout_roguey, nicolae_trove_entry_free_sample, minmay_three_doors
D:13:     layout_basic, grunt_vaults_entry_tiered, serial_shops,
          nicolae_shop_crystal, uniq_maurice

Skill      XL: |  1  2  3  4  5  6  7  8  9 10 11 12 |
---------------+-------------------------------------+-----
Fighting       | 4 5 6 7 9 10 11 12 | 12.3
Axes           | 4 |  4.0
Armour         | 3 4 5 6 7 9 10 11 12 | 12.1
Maces & Flails | 1 2 3 5 6 8 9 11 | 11.6
Dodging        | 3 4 5 6 8 9 10 11 | 11.1
Crossbows      | 1 5 6 |  6.3
Shields        | 3 |  3.3

Action                   |  1- 3 |  4- 6 |  7- 9 | 10-12 || total
-------------------------+-------+-------+-------+-------++-------
Melee: Hand axe          |    54 |       |   138 |   252 ||   444
       Headbutt          |     9 |    14 |    43 |   117 ||   183
       Flail             |    35 |    71 |    45 |       ||   151
       Great mace        |       |       |       |   137 ||   137
Throw: Boomerang         |       |     1 |    16 |     9 ||    26
Invok: Berserk           |     1 |     4 |     5 |    11 ||    21
  Use: Scroll            |       |    11 |     2 |     1 ||    14
 Stab: Sleeping          |       |     3 |       |       ||     3
       Distracted        |       |     1 |       |       ||     1
Armor: Animal skin       |    15 |     6 |       |       ||    21
       Scale mail        |       |       |    24 |       ||    24
       Crystal plate arm |       |       |   100 |   139 ||   239
       Plate armour      |       |       |       |    67 ||    67
Dodge: Dodged            |    51 |    46 |    95 |   242 ||   434
